 Dungeon Crawl Stone Soup version 0.28-a0-1190-g77e1c55843 (webtiles) character file.

Game seed: 11945330588976907200

140 porpoise the Conjurer (level 5, -6/28 HPs)
             Began as a Deep Elf Conjurer on Dec 19, 2021.
             Engulfed by a cloud of steam (8 damage)
             ... on level 2 of the Dungeon.
             The game lasted 00:06:59 (2376 turns).

porpoise the Conjurer (Deep Elf Conjurer)           Turns: 2376, Time: 00:07:00

Health: -6/28      AC:  3    Str:  4    XL:     5   Next: 2%
Magic:  8/13       EV: 12    Int: 25    God:
Gold:   70         SH:  0    Dex: 13    Spells: 9/12 levels left

rFire   . . .      SeeInvis .   (no weapon)
rCold   . . .      Faith    .   (no shield)
rNeg    . . .      Spirit   .   a - +0 robe
rPois   .          Reflect  .   m - +0 helmet
rElec   .          Harm     .   (no cloak)
rCorr   .          Rampage  .   (no gloves)
Will    +....                   (no boots)
Stlth   +.........              (no amulet)
HPRegen 0.09/turn               g - ring of willpower
MPRegen 0.13/turn               (no ring)

@: very slightly contaminated, very slow
A: no striking features
a: no special abilities


You were on level 2 of the Dungeon.
You visited 1 branch of the dungeon, and saw 2 of its levels.

You collected 70 gold pieces.

Inventory:

Missiles
 i - 7 poisoned darts
 j - 57 stones
Armour
 a - a +0 robe (worn)
 m - a +0 helmet (worn)
Jewellery
 g - a ring of willpower (left hand)
Scrolls
 b - 2 scrolls of teleportation {unknown}
 d - a scroll of blinking {unknown}
 e - a scroll of immolation {unknown}
 f - a scroll of amnesia {unknown}
 k - a scroll of silence {unknown}
 l - a scroll of identify {unknown}
 n - a scroll of noise {unknown}
 o - a scroll of summoning {unknown}
Potions
 c - a potion of mutation {unknown}
 h - a potion of curing


   Skills:
 - Level 2.4 Dodging
 - Level 2.4 Stealth
 + Level 4.3 Spellcasting
 + Level 6.4 Conjurations


You had 9 spell levels left.
You knew the following spells:

 Your Spells              Type           Power      Damage    Failure   Level
a - Magic Dart            Conj           100%       1d8       1%          1
b - Searing Ray           Conj           74%        2d7       1%          2

Your spell library contained the following spells:

 Spells                   Type           Power      Damage    Failure   Level
 Dazzling Flash           Conj/Hex       42%        N/A       7%          3
 Fulminant Prism          Conj/Hex       10%        3d9       24%         4
 Iskenderun's Mystic Bla  Conj/Tloc      21%        2d6       24%         4
 Frozen Ramparts          Ice            10%        1d3       26%         3
 Ice Form                 Ice/Tmut       5%         N/A       65%         4
 Summon Ice Beast         Ice/Summ       5%         N/A       65%         4


Dungeon Overview and Level Annotations

Branches:
Dungeon (2/15)

Altars:


Message History

The searing ray hits Natasha.
You kill Natasha!
Natasha growls in agony!
A nearby fungus withers and dies.
A nearby plant withers and dies.
You have reached level 5!
You start resting.
A nearby plant withers and dies.
You start resting.
Magic restored.
You start resting.
Natasha, Servant of Life and Death comes into view.
She is carrying a wand of flame (22).
Natasha moves out of view.
Natasha is nearby!
You see here the felid corpse of Natasha.
You enter the shallow water.
Moving in this stuff is going to be slow.
Casting: Searing Ray (safe; 1% risk of failure)
Confirm with . or Enter, or press ? or * to list all spells.
Aiming: Searing Ray (safe; 1% risk of failure)
Press: ? - help, Shift-Dir - straight line, f - Natasha
Aim: Natasha, carrying a wand of flame (22) (wandering, hasn't noticed you, 76% to hit)
You miscast Searing Ray.
You are very lightly contaminated with residual magic.
Nothing appears to happen.
Natasha zaps a wand.
The puff of flame hits you!
Casting: Searing Ray (safe; 1% risk of failure)
Confirm with . or Enter, or press ? or * to list all spells.
Aiming: Searing Ray (safe; 1% risk of failure)
Press: ? - help, Shift-Dir - straight line, f/p - Natasha
Aim: Natasha, carrying a wand of flame (21) (76% to hit)
The searing ray hits Natasha.
Natasha is heavily wounded. (Press . to maintain the ray.)
You are engulfed in a cloud of scalding steam.
Natasha zaps a wand.
The puff of flame hits you!
* * * LOW HITPOINT WARNING * * *
The searing ray hits Natasha!
You kill Natasha!
You feel Natasha's spirit has finally been put to rest.
You are engulfed in a cloud of scalding steam.
You die...

##.≈## #...# #P≈P# #...#
##≈.## #...# #.≈P#
#...#### #.≈.##
#......### ##.≈.P##
#...##.... #..≈...##
#....###..
#P..≈†..####.........
#####@#####...........
#...........####'####.
#####.#/#######8.8##..
####....# ##.....###
##.......####8.....8##
###..##.....##.........#
#...###.....#8.........8
#.#.###.....'....÷.....)
#...........#8.........8


There were no monsters in sight!

Vanquished Creatures
  Natasha (thrice) (D:2)
  Robin (D:2)
  2 adders (D:2)
  2 dart slugs (D:1)
  3 bats
  6 endoplasms
  6 giant cockroaches
  16 goblins
  9 hobgoblins
  3 jackals (D:2)
  A kobold (D:2)
  3 quokkas
  3 ball pythons (D:2)
  2 frilled lizards (D:1)
  3 rats
63 creatures vanquished.

Vanquished Creatures (others)
  2 fungi (D:2)
  5 plants (D:2)
7 creatures vanquished.

Grand Total: 70 creatures vanquished

Notes
Turn   | Place    | Note
-------+----------+-------------------------------------------
     0 | D:1      | porpoise the Deep Elf Conjurer began the quest for the Orb.
     0 | D:1      | Reached XP level 1. HP: 10/10 MP: 6/6
   241 | D:1      | Reached XP level 2. HP: 15/15 MP: 6/8
   246 | D:1      | Learned a level 2 spell: Searing Ray
   346 | D:1      | Reached skill level 5 in Conjurations
   942 | D:1      | Reached XP level 3. HP: 19/19 MP: 6/9
  1409 | D:2      | Noticed Robin
  1417 | D:2      | Killed Robin
  1578 | D:2      | Reached XP level 4. HP: 23/24 MP: 7/11
  1616 | D:2      | Reached skill level 6 in Conjurations
  2107 | D:2      | Noticed Natasha
  2112 | D:2      | Killed Natasha
  2290 | D:2      | Found a faded altar of an unknown god.
  2300 | D:2      | Noticed Natasha
  2306 | D:2      | Killed Natasha
  2307 | D:2      | Reached XP level 5. HP: 19/28 MP: 9/13
  2343 | D:2      | Noticed Natasha
  2376 | D:2      | Killed Natasha
  2376 | D:2      | Engulfed by a cloud of steam

Illustrated notes

Levels and vault maps discovered:
D:1:      enne_arrival_octagon_isle, layout_basic,
          chequers_serial_rivers_micro_d, minmay_ruptured
D:2:      layout_rooms, shapermc_ecumenical_altar_hornbeckon, dk_noncrumbling_4,
          uniq_natasha, uniq_robin

Skill      XL: |  1  2  3  4 |
---------------+-------------+-----
Conjurations   | 5 6 |  6.4
Spellcasting   | 4 |  4.3
Dodging        | |  2.4
Stealth        | |  2.4

Action                   |  1- 3 |  4- 6 || total
-------------------------+-------+-------++-------
 Cast: Magic Dart        |    66 |    33 ||    99
       Searing Ray       |     4 |     3 ||     7
Dodge: Dodged            |     4 |       ||     4

Table legend: (Time is in decaauts)
 A = Elapsed time spent in this place.
 B = Non-inter-level travel time spent in this place.
 C = Inter-level travel time spent in this place.
 D = Time resting spent in this place.
 E = Time spent auto-exploring this place.
 F = Levels seen in this place.
 G = Mean time per level.
                   A        B        C        D        E       F      G
               +--------+--------+--------+--------+--------+-----+--------+
         Total |   2382 |   2299 |     83 |    886 |   1154 |   2 | 1191.0 |
       Dungeon |   2382 |   2299 |     83 |    886 |   1154 |   2 | 1191.0 |
               +--------+--------+--------+--------+--------+-----+--------+

Top non-repeatable levels by time:
     D:2: 1255 daAuts
     D:1: 1127 daAuts
